 Dungeon Crawl Stone Soup version 0.21.1-1-g345015f (webtiles) character file.

471832 simples the Executioner (level 24, -21/236 HPs)
             Began as a Hill Orc Fighter on Apr 16, 2018.
             Was the Champion of Beogh.
             Killed from afar by a deep elf annihilator (63 damage)
             ... with a crystal spear
             ... on level 5 of the Vaults.
             The game lasted 01:47:56 (58518 turns).

simples the Executioner (Hill Orc Fighter)         Turns: 58518, Time: 01:47:56

Health: -21/236    AC: 42    Str: 29    XL:     24   Next: 68%
Magic:  26/26      EV: 25    Int: 13    God:    Beogh [******]
Gold:   2145       SH:  4    Dex: 16    Spells: 23/23 levels left

rFire    + . .     SeeInvis +   c - +6 executioner's axe (flame)
rCold    + . .     Gourm    .   (shield currently unavailable)
rNeg     . . .     Faith    .   p - +8 plate armour of Mezcal {*Drain Regen+ Int+5}
rPois    .         Spirit   .   Y - +2 helmet {SInv}
rElec    .         Reflect  +   y - +2 cloak {rF+}
rCorr    .         Harm     .   e - +0 pair of gloves {Str+3}
MR       +....                  g - +2 pair of boots {run}
Stlth    ..........             T - +4 amulet of reflection
HPRegen  0.89/turn              G - +6 ring of evasion
MPRegen  0.20/turn              F - ring of protection from cold

@: very slightly contaminated, invisible, quick
A: walk on water, agile 1, low mp 1
}: 2/15 runes: decaying, serpentine
a: Smiting, Recall Orcish Followers, Give Item to Named Follower, Resurrection,
Renounce Religion


You were on level 5 of the Vaults.
You worshipped Beogh.
Beogh was exalted by your worship.
You were not hungry.

You visited 7 branches of the dungeon, and saw 41 of its levels.
You also visited: Volcano.

You collected 4833 gold pieces.
You spent 2688 gold pieces at shops.

Inventory:

Hand Weapons
 c - a +6 executioner's axe of flaming (weapon)
 I - a +1 battleaxe of freezing
Armour
 e - a +0 pair of gloves of strength (worn)
 g - a +2 pair of boots of running (worn)
 p - the +8 plate armour of Mezcal (worn) {*Drain Regen+ Int+5}
   (You found it on level 3 of the Depths)

   It affects your intelligence (+5).
   It increases your rate of regeneration.
   It causes draining when unequipped.
 y - a +2 cloak of fire resistance (worn)
 C - a +5 plate armour of fire resistance
 Y - a +2 helmet of see invisible (worn)
Jewellery
 d - an uncursed ring of poison resistance {unknown}
 F - a ring of protection from cold (right hand)
 G - a +6 ring of evasion (left hand)
 H - an uncursed ring of protection from fire
 O - an uncursed ring of protection from fire
 T - a +4 amulet of reflection (around neck)
Wands
 b - a wand of digging (23)
 i - a wand of scattershot (6)
 B - a wand of iceblast (2)
 P - a wand of polymorph (52)
 S - a wand of disintegration (56)
 U - a wand of acid (20)
 X - a wand of clouds (13)
Scrolls
 k - 10 scrolls of immolation
 m - 6 scrolls of teleportation
 n - 3 scrolls of fog
 q - 4 scrolls of vulnerability
 w - 9 scrolls of magic mapping
 x - 8 scrolls of identify
 E - 5 scrolls of random uselessness
 J - 11 scrolls of remove curse
 M - a scroll of brand weapon
 R - 2 scrolls of fear
 Z - 2 scrolls of blinking
Potions
 h - 3 potions of cancellation
 j - 5 potions of brilliance
 l - a potion of might
 r - 4 potions of flight
 t - a potion of magic
 v - 2 potions of agility
 A - 4 potions of invisibility
 L - 3 potions of mutation
Miscellaneous
 s - a lightning rod (4/4)
 u - a lamp of fire
 z - a fan of gales (inert)
 D - a phial of floods
 K - 2 boxes of beasts
 Q - 3 sacks of spiders
 W - 2 phantom mirrors
Comestibles
 f - 48 rations
 N - 8 chunks of flesh


   Skills:
 + Level 23.6 Fighting
 - Level 26.1 Axes
 + Level 22.0 Armour
 + Level 16.5 Dodging
   Level 3.2 Shields
 - Level 8.8 Evocations


You had 23 spell levels left.
You didn't know any spells.

Dungeon Overview and Level Annotations

Branches:
Dungeon (15/15)            Temple (0/1) D:7            Lair (6/6) D:9
  Swamp (4/4) Lair:3        Snake (4/4) Lair:4        Slime (0/5) Lair:5
    Orc (2/2) D:10            Elf (0/3) Orc:2        Vaults (5/5) D:13
  Crypt (0/3) Vaults:2     Depths (5/5) D:15
    Zot: Depths:5

Altars:
Ashenzari
Cheibriados
Dithmenos
Elyvilon
Gozag
Makhleb
Nemelex Xobeh
Okawaru
Ru
Sif Muna
Xom
Yredelemnul
The Shining One
Beogh
Jiyva
Lugonu

Shops:
D:12 %   Orc:2 %:[!   Snake:3 (   Vaults:3 [

Portals:
Hell: Depths:1 Depths:2 Depths:3 Depths:4
Abyss: Depths:2 Depths:4
Pandemonium: Depths:2 Depths:3 Depths:4
Ziggurat: Depths:2

Annotations:
D:2 exclusion: 2 downstairs
D:4 exclusion: 2 downstairs
D:5 exclusion: downstairs
D:6 exclusion: 2 downstairs
D:13 Nergalle
Lair:2 exclusion: downstairs
Snake:1 exclusion: downstairs
Vaults:2 Saint Roka


Innate Abilities, Weirdness & Mutations

You can walk on water.
You are agile. (Dex +2)
Your magical capacity is low. (-10% MP)


Message History

* * * LOW HITPOINT WARNING * * *
Items here: ( ))))) [[ ÷÷÷ † The deep elf annihilator closely misses you.
Okay, then.
You fade into invisibility!
The storm dragon completely misses you. x2
The storm dragon tramples you but does no damage.
The storm dragon misses you.
The storm dragon claws you but does no damage.
The storm dragon completely misses you.
The deep elf annihilator hits you but does no damage.
You are very lightly contaminated with residual magic.
Items here: ( ))) [ ÷ †† The storm dragon breathes lightning at you.
The bolt of lightning misses you.
You hear a horrible gurgling sound! x2
You see here a large rock.
The deep elf annihilator points at you and mumbles some strange words.
The crystal spear hits you!
You die...

#......).##.....## .....
#......##...#...## ....#
###....##...##....##....#
#.##..*#...##......#(..#
#..##.e...##..........#
#....ppc)##...(.##...##..
##....#...##...##.e.......
##...###De.##.##..(#e*....
#(.c##.##C.@###e(.###....#
#..##.}.##...#.(e## #...#
#.p.(.)##.....).## #...
##..(.##D..#...## #..
##.c.#...##....# ..
##.....##.?....# #.
##...##..?##...# #.
......##.## .... #.
.O..#...## #. ## #.


You could see an iron dragon, a storm dragon, a vault warden, a yaktaur captain,
a deep elf annihilator, an ettin, a vault sentinel, a deep elf mage and a
battlesphere.

Vanquished Creatures
  An ancient lich (Vaults:5)
  A juggernaut (Depths:2)
  Boris (Depths:3)
  Bai Suzhen (Vaults:3)
  Margery (Vaults:3)
  Frederick (Depths:3)
  Vashnia (Snake:2)
  A golden dragon (Depths:2)
  Jory (Vaults:2)
  4 tentacled monstrosities
  4 liches
  3 titans
  Asterion (Snake:4)
  A quicksilver dragon (Vaults:5)
  Frances (Snake:2)
  3 sphinxes
  An ancient champion (Vaults:2)
  4 thorn hunters
  4 tengu reavers
  Kirke (Swamp:2)
  A storm dragon (Depths:4)
  A shadow dragon (shapeshifter) (Depths:2)
  2 shadow dragons (Depths:2)
  Roxanne (Swamp:1)
  5 nagarajas
  Donald (Vaults:3)
  9 fire giants
  An iron dragon (Depths:2)
  12 frost giants
  10 vault wardens
  An orc warlord (D:13)
  Aizul (Swamp:1)
  A spriggan defender (Depths:2)
  A ghoul (Vaults:2)
  12 ironheart preservers
  22 stone giants
  17 very ugly things
  An entropy weaver (Vaults:4)
  4 vampire knights
  A spark wasp (shapeshifter) (Depths:2)
  A spark wasp (Depths:2)
  An eidolon (Vaults:2)
  10 ettins
  Snorg (Lair:5)
  11 ogre magi
  A deep elf high priest (Depths:2)
  Erolcha (D:13)
  18 great orbs of eyes
  11 yaktaur captains
  6 ice dragons
  16 fire dragons
  15 hydras
  4 spriggan air magi
  29 vault guards
  10 anacondas
  15 naga warriors
  3 ghost crabs
  11 rakshasas
  12 centaur warriors
  5 alligators
  2 death knights
  6 death yaks (Lair:5)
  42 two-headed ogres
  9 deep troll shamans
  A queen ant (shapeshifter) (Depths:2)
  9 naga sharpshooters
  7 vampire magi
  6 deep troll earth magi
  3 shock serpents (Snake:4)
  5 spriggan berserkers
  5 tengu warriors
  3 spriggans
  6 hell knights
  3 deep elf knights
  12 skeletal warriors
  2 shadow wraiths
  3 iron trolls
  4 salamander mystics
  4 unseen horrors
  A sea snake (shapeshifter) (Depths:2)
  10 sea snakes
  3 spriggan druids
  6 naga ritualists
  A shambling mangrove (Swamp:4)
  An unseen horror (shapeshifter) (Vaults:2)
  11 wizards
  14 swamp dragons
  4 flayed ghosts
  21 deep trolls
  9 harpies
  A glowing orange brain (shapeshifter) (Depths:2)
  3 harpies (shapeshifter)
  6 deep elf archers
  5 glowing orange brains
  A lindwurm (Lair:6)
  A mana viper (shapeshifter) (Vaults:4)
  2 phantasmal warriors
  3 necromancers
  Pikel (D:7)
  10 ironbrand convokers
  5 orc knights
  47 ugly things
  7 mana vipers
  A stone giant zombie (Vaults:3)
  11 deep elf magi
  5 cyclopes
  3 orc sorcerers
  7 wolf spiders
  A tengu skeleton (Vaults:3)
  14 salamanders
  15 naga magi
  7 guardian serpents
  41 black mambas
  A guardian serpent (shapeshifter) (Vaults:3)
  16 spiny frogs
  3 torpor snails (Lair:6)
  2 molten gargoyles (Lair:3)
  A rime drake (Lair:3)
  13 eyes of devastation (Depths:3)
  5 spectral swamp worms
  8 vault sentinels
  A gargoyle (D:14)
  A rime drake (shapeshifter) (Depths:2)
  49 yaktaurs
  7 komodo dragons
  A yaktaur (shapeshifter) (Vaults:4)
  5 freezing wraiths
  3 tengu conjurers
  7 trolls
  A wind drake (shapeshifter) (Vaults:2)
  2 polar bears
  2 meliai (shapeshifter)
  A tyrant leech (shapeshifter) (Depths:2)
  16 hornets
  8 tyrant leeches
  7 bog bodies
  46 slime creatures
  18 blink frogs
  5 dream sheep (Lair:6)
  A hippogriff (shapeshifter) (Depths:2)
  6 hippogriffs
  An ettin zombie (Vaults:3)
  A redback (shapeshifter) (Vaults:4)
  2 shadows
  A wraith (Vaults:4)
  12 air elementals
  5 water elementals
  An ettin skeleton (Vaults:3)
  A spriggan (shapeshifter) (Vaults:4)
  A tarantella (Vaults:4)
  3 wyverns
  36 yaks
  3 hogs (Swamp:2)
  A fire bat (shapeshifter) (Vaults:4)
  3 steam dragons
  3 hungry ghosts
  15 vampire mosquitoes
  2 basilisks
  17 insubstantial wisps
  A soldier ant (shapeshifter) (Vaults:2)
  49 nagas
  3 wargs
  A soldier ant (D:14)
  16 swamp worms
  2 acid dragons (Lair:6)
  6 porcupines
  12 water moccasins
  8 orc warriors
  4 ice beasts
  17 swamp drakes
  3 sky beasts
  A hornet zombie (D:15)
  9 boggarts
  An eye of draining (Depths:3)
  An eye of draining (shapeshifter) (Depths:2)
  3 phantoms
  42 ogres
  3 wolves (Lair:4)
  12 centaurs
  15 crocodiles
  The ghost of appiemonkey the Shield-Bearer, an amateur VSFi (D:3)
  A big kobold (D:10)
  15 bullfrogs
  A gnoll sergeant (D:10)
  4 scorpions
  A water moccasin skeleton (D:6)
  6 killer bees
  2 electric eels
  3 wights (D:9)
  4 howler monkeys
  A centaur zombie (D:12)
  5 lava snakes (Lair:3)
  6 crimson imps
  A bullfrog zombie (D:9)
  2 quasits
  A bullfrog skeleton (D:10)
  2 iron imps
  A hound (D:10)
  6 orc priests
  3 centaur skeletons
  19 orc wizards
  10 iguanas
  9 worker ants
  2 hound skeletons (D:6)
  Robin (D:3)
  5 gnolls
  2 river rats (Lair:6)
  8 adders
  A shadow imp (D:14)
  3 oozes
  4 adder skeletons
  8 worms
  3 dart slugs
  4 leopard geckos
  46 orcs
  2 ball pythons
  4 giant cockroaches
  17 goblins
  9 hobgoblins
  21 jackals
  5 quokkas
  8 bats
  6 frilled lizards
  13 kobolds
  A quokka zombie (D:5)
  11 rats
  2 briar patches (Swamp:3)
  A fungus (Lair:5)
  6 plants
1581 creatures vanquished.

Vanquished Creatures (collateral kills)
  Mara (Depths:2)
  Nikola (Vaults:3)
  A thorn hunter (Swamp:4)
  The ghost of shugdite the Executioner, an adept MiFi of Okawaru (Swamp:4)
  A fire giant (Depths:2)
  2 nagarajas (Snake:4)
  The ghost of bmj180 the Fencer, a journeyman MiBe of Trog (Lair:6)
  An ironheart preserver (Vaults:3)
  A very ugly thing (Vaults:4)
  A deep elf annihilator (Vaults:5)
  A spark wasp (Depths:2)
  An ettin (Depths:3)
  A fire dragon (Depths:2)
  A great orb of eyes (Depths:3)
  A deep elf death mage (Vaults:4)
  5 ogre magi
  9 hydras
  A naga warrior (Snake:4)
  8 vault guards
  An ice dragon (Lair:6)
  2 centaur warriors
  5 two-headed ogres
  An alligator (Swamp:1)
  A tengu warrior (Depths:3)
  2 naga sharpshooters
  A deep elf knight (Vaults:3)
  A shock serpent (Snake:3)
  3 skeletal warriors
  A sea snake (Snake:4)
  A spriggan druid (Swamp:4)
  A glowing orange brain (Depths:3)
  2 deep trolls
  2 deep elf archers (Vaults:3)
  2 phantasmal warriors
  3 swamp dragons (Swamp:4)
  2 orc knights
  3 deep elf magi
  A harpy (Vaults:1)
  2 ugly things (D:15)
  8 slime creatures
  A cyclops (D:15)
  2 manticores
  A salamander (Snake:4)
  3 naga magi (Snake:4)
  A guardian serpent (Snake:4)
  2 torpor snails (Lair:6)
  A vault sentinel (Vaults:4)
  A centaur skeleton (D:15)
  3 eyes of devastation (Depths:3)
  2 spiny frogs
  7 yaktaurs
  A tengu conjurer (D:15)
  A kobold demonologist (D:13)
  A komodo dragon (D:15)
  A jumping spider (Vaults:4)
  3 trolls
  A blink frog (Lair:5)
  4 hornets
  2 hippogriffs
  3 spriggans
  A wraith (D:15)
  6 yaks
  3 vampire mosquitoes (Swamp:4)
  A wyvern (D:8)
  A hungry ghost (D:8)
  A golden eye (Depths:3)
  A basilisk (D:14)
  3 swamp worms
  2 insubstantial wisps (Swamp:4)
  A warg (Orc:2)
  A water moccasin (Lair:2)
  A floating eye (Depths:2)
  5 nagas (Snake:4)
  9 orc warriors
  A swamp drake (Swamp:4)
  A human skeleton (Vaults:3)
  5 centaurs
  14 ogres
  A crocodile (D:12)
  3 big kobolds
  4 bullfrogs
  2 gnoll sergeants (D:10)
  A scorpion (D:12)
  2 killer bees (D:10)
  An electric eel (Snake:3)
  A crimson imp (D:14)
  3 centaur zombies
  A quasit (D:8)
  2 jellies
  4 orc priests
  3 orc wizards
  2 worker ants (D:8)
  A worker ant zombie (D:9)
  A gnoll (D:10)
  An adder (D:8)
  A shadow imp (D:8)
  15 orcs
  3 jackals (D:8)
  A quokka (D:8)
  3 briar patches (Swamp:3)
  A plant (Lair:6)
239 creatures vanquished.

Vanquished Creatures (others)
  Boris (Vaults:2)
  An ettin (Depths:4)
  A spriggan air mage (Depths:3)
  35 orc knights
  An orc high priest (Depths:1)
  Nergalle (D:13)
  2 spriggans (Swamp:4)
  An orc sorcerer (Orc:2)
  A deep troll (Vaults:3)
  An ironbrand convoker (Vaults:3)
  A swamp dragon (Swamp:4)
  2 hornets (Swamp:4)
  A tyrant leech (Swamp:4)
  2 swamp drakes (Swamp:4)
  37 orc warriors
  A slave (D:7)
  An ogre (Vaults:3)
  38 orc priests
  31 orc wizards
  2 adders (D:4)
  71 orcs
  4 briar patches (Swamp:3)
  A butterfly (D:7)
  10 fungi
  28 plants
275 creatures vanquished.

Grand Total: 2095 creatures vanquished

Notes
Turn   | Place    | Note
-------+----------+-------------------------------------------
     0 | D:1      | simples the Hill Orc Fighter began the quest for the Orb.
     0 | D:1      | Reached XP level 1. HP: 19/19 MP: 1/1
   219 | D:1      | Reached skill level 3 in Axes
   219 | D:1      | Reached XP level 2. HP: 24/27 MP: 2/2
   605 | D:1      | You fall through a shaft!
   755 | D:1      | Reached XP level 3. HP: 33/33 MP: 3/3
  1301 | D:2      | Reached XP level 4. HP: 39/41 MP: 4/4
  1507 | D:2      | Reached skill level 4 in Axes
  1740 | D:3      | Noticed an ogre
  2093 | D:3      | Noticed Robin
  2100 | D:3      | Reached XP level 5. HP: 28/47 MP: 5/5
  2101 | D:3      | Killed Robin
  2106 | D:3      | Reached skill level 5 in Fighting
  2522 | D:3      | Noticed appiemonkey's ghost (amateur VSFi)
  2827 | D:3      | Killed appiemonkey's ghost
  2827 | D:3      | Reached skill level 5 in Axes
  2827 | D:3      | Reached XP level 6. HP: 35/56 MP: 6/6
  3011 | D:4      | Reached skill level 5 in Armour
  3030 | D:4      | Noticed an orc warrior
  3033 | D:4      | Became a worshipper of Beogh the Brigand
  3037 | D:4      | Noticed a phantom
  3099 | D:4      | Killed a phantom
  3415 | D:4      | Reached XP level 7. HP: 51/63 MP: 7/7
  3417 | D:4      | Reached skill level 6 in Axes
  3486 | D:4      | Reached * piety under Beogh
  3853 | D:5      | Entered Level 5 of the Dungeon
  4355 | D:5      | Reached skill level 7 in Axes
  4542 | D:5      | Reached XP level 8. HP: 73/73 MP: 8/8
  4902 | D:6      | Found a sacrificial altar of Ru.
  4916 | D:6      | Reached skill level 1 in Evocations
  5054 | D:5      | Reached ** piety under Beogh
  5111 | D:6      | Reached skill level 8 in Axes
  5246 | D:6      | Reached XP level 9. HP: 44/81 MP: 11/11
  6402 | D:7      | Found a staircase to the Ecumenical Temple.
  6444 | D:7      | Reached skill level 9 in Axes
  6956 | D:7      | Found a shadowy altar of Dithmenos.
  6956 | D:7      | Found a faded altar of an unknown god.
  6961 | D:7      | Found a glowing golden altar of the Shining One.
  6963 | D:7      | Found a snail-covered altar of Cheibriados.
  6964 | D:7      | Found a faded altar of an unknown god.
  7083 | D:7      | Reached *** piety under Beogh
  7173 | D:7      | Reached skill level 5 in Evocations
  7181 | D:7      | Reached XP level 10. HP: 44/91 MP: 13/13
  7270 | D:7      | Noticed a two-headed ogre
  7308 | D:7      | Noticed Pikel
  7320 | D:7      | Killed Pikel
  7320 | D:7      | Reached skill level 10 in Axes
  7643 | D:8      | Reached skill level 10 in Fighting
  7862 | D:8      | Reached **** piety under Beogh
  8177 | D:8      | Found an iron altar of Okawaru.
  8178 | D:8      | Found a shattered altar of Ashenzari.
  8179 | D:8      | Found a white marble altar of Elyvilon.
  8566 | D:9      | Found a staircase to the Lair.
  8592 | Lair:1   | Entered Level 1 of the Lair of Beasts
  8701 | Lair:1   | Noticed a five-headed hydra
  8714 | Lair:1   | Killed a five-headed hydra
  8714 | Lair:1   | Reached skill level 11 in Axes
  9071 | Lair:1   | Noticed a spiny frog
  9079 | Lair:1   | Killed a spiny frog
  9665 | Lair:2   | Noticed a spiny frog
  9672 | Lair:2   | Killed a spiny frog
  9730 | Lair:2   | Reached skill level 10 in Armour
  9730 | Lair:2   | Reached XP level 11. HP: 70/101 MP: 14/16
 11200 | Lair:3   | Found a staircase to the Swamp.
 11200 | Lair:3   | Noticed a swamp dragon
 11352 | Lair:3   | Reached skill level 12 in Axes
 12251 | Lair:3   | Killed a swamp dragon
 12695 | Lair:4   | Reached XP level 12. HP: 104/112 MP: 18/18
 12932 | Lair:4   | Reached skill level 13 in Axes
 13017 | Lair:4   | Noticed an eight-headed hydra
 13030 | Lair:4   | Killed an eight-headed hydra
 13303 | Lair:4   | Found a staircase to the Snake Pit.
 13640 | Lair:4   | Reached skill level 1 in Dodging
 14462 | Lair:5   | Found a staircase to the Slime Pits.
 14462 | Lair:5   | Found a viscous altar of Jiyva.
 14464 | Lair:5   | Noticed Snorg
 14484 | Lair:5   | Killed Snorg
 14723 | Lair:5   | Noticed an eight-headed hydra
 14741 | Lair:5   | Killed an eight-headed hydra
 14997 | Lair:5   | Reached skill level 14 in Axes
 15184 | Lair:5   | Reached ***** piety under Beogh
 15248 | Lair:5   | Noticed a death yak
 15249 | Lair:5   | Noticed a death yak
 15249 | Lair:5   | Noticed a death yak
 15250 | Lair:5   | Noticed a death yak
 15250 | Lair:5   | Noticed a death yak
 15250 | Lair:5   | Noticed a death yak
 15259 | Lair:5   | Killed a death yak
 15260 | Lair:5   | Killed a death yak
 15263 | Lair:5   | Killed a death yak
 15264 | Lair:5   | Reached XP level 13. HP: 107/122 MP: 19/19
 16047 | Lair:5   | Reached skill level 15 in Axes
 16103 | Lair:6   | Entered Level 6 of the Lair of Beasts
 16103 | Lair:6   | Found a dark tunnel.
 16139 | Volcano  | Entered a volcano
 16323 | Volcano  | Noticed a red draconian
 17083 | Lair:6   | Reached skill level 16 in Axes
 17282 | Lair:6   | Noticed bmj180's ghost (journeyman MiBe)
 17308 | Lair:6   | Killed bmj180's ghost
 17308 | Lair:6   | Reached skill level 5 in Dodging
 17661 | Lair:6   | Noticed a fire dragon
 17666 | Lair:6   | Gained Ugbert as an ally
 17679 | Lair:6   | Killed a fire dragon
 17955 | Lair:6   | Reached skill level 17 in Axes
 18487 | Lair:6   | Reached XP level 14. HP: 129/129 MP: 20/20
 18521 | Lair:6   | Found a runed door.
 19131 | D:9      | Identified Sif Muna's Reference Book on the Shifting Glacier
 19147 | D:9      | Found a snail-covered altar of Cheibriados.
 19360 | D:10     | Entered Level 10 of the Dungeon
 19425 | D:10     | Gained Oreg as an ally
 19429 | D:10     | Reached ****** piety under Beogh
 19468 | D:10     | Reached skill level 18 in Axes
 19649 | D:10     | Found a staircase to the Orcish Mines.
 20727 | D:12     | Found Cukhun's Food Shop.
 21324 | D:12     | Noticed Nergalle
 21336 | D:12     | Gained Oruk as an ally
 21371 | D:12     | Gained Warrok as an ally
 21371 | D:12     | Reached skill level 19 in Axes
 21732 | D:13     | Found a gate to the Vaults.
 21766 | D:13     | Your ally died
 22052 | D:13     | Noticed Erolcha
 22065 | D:13     | Killed Erolcha
 22072 | D:13     | Your ally Oruk died
 22405 | D:14     | Reached skill level 20 in Axes
 23120 | D:14     | Reached XP level 15. HP: 124/136 MP: 21/21
 23502 | D:15     | Entered Level 15 of the Dungeon
 23509 | D:15     | Reached skill level 21 in Axes
 23514 | D:15     | Gained Alork as an ally
 24068 | D:15     | Reached skill level 22 in Axes
 24097 | D:15     | Gained Gorm as an ally
 24156 | D:15     | Found an opulent altar of Gozag.
 24523 | D:15     | Found a staircase to the Depths.
 24898 | Swamp:1  | Entered Level 1 of the Swamp
 24906 | Swamp:1  | Noticed Roxanne
 24917 | Swamp:1  | Killed Roxanne
 24918 | Swamp:1  | Identified Roxanne's Volume of Earth (You took it off Roxanne on level 1 of the Swamp)
 25657 | Swamp:1  | Reached skill level 23 in Axes
 26043 | Swamp:1  | Found a basalt altar of Yredelemnul.
 26202 | Swamp:1  | Gained Norbak as an ally
 26217 | Swamp:1  | Noticed Aizul
 26232 | Swamp:1  | Killed Aizul
 27006 | Swamp:2  | Noticed Kirke
 27007 | Swamp:2  | Reached XP level 16. HP: 144/144 MP: 22/22
 27020 | Swamp:2  | Killed Kirke
 27235 | Swamp:2  | Reached skill level 24 in Axes
 28347 | Swamp:3  | Noticed a thorn hunter
 28348 | Swamp:3  | Noticed a thorn hunter
 28665 | Swamp:3  | Killed a thorn hunter
 28687 | Swamp:3  | Killed a thorn hunter
 28804 | Swamp:4  | Entered Level 4 of the Swamp
 28805 | Swamp:4  | Noticed shugdite's ghost (adept MiFi)
 28811 | Swamp:4  | Noticed a thorn hunter
 28811 | Swamp:4  | Reached skill level 25 in Axes
 28820 | Swamp:4  | Killed shugdite's ghost
 28827 | Swamp:4  | Killed a thorn hunter
 29139 | Swamp:4  | Your ally Norbak died
 29143 | Swamp:4  | Noticed a thorn hunter
 29148 | Swamp:4  | Your ally Warrok died
 29151 | Swamp:4  | Your ally Alork died
 29158 | Swamp:4  | Your ally Ugbert died
 29160 | Swamp:4  | Your ally Gorm died
 29180 | Swamp:4  | Your ally Oreg died
 29219 | Swamp:4  | Gained Bolgrim as an ally
 29395 | Swamp:4  | Noticed a thorn hunter
 29400 | Swamp:4  | Your ally Bolgrim died
 29413 | Swamp:4  | HP: 7/144 [seven-headed hydra (3)]
 29904 | Swamp:4  | Killed a thorn hunter
 30149 | Swamp:4  | Killed a thorn hunter
 30149 | Swamp:4  | Reached skill level 26 in Axes
 30423 | Swamp:4  | Got a decaying rune of Zot
 30639 | Swamp:4  | Reached XP level 17. HP: 125/150 MP: 23/23
 31154 | Snake:1  | Entered Level 1 of the Snake Pit
 31304 | Orc:1    | Entered Level 1 of the Orcish Mines
 31452 | Orc:2    | Entered Level 2 of the Orcish Mines
 31490 | Orc:2    | Found a roughly hewn altar of Beogh.
 31565 | Orc:2    | Found a staircase to the Elven Halls.
 31604 | Orc:2    | Found a shimmering altar of Xom.
 31679 | Orc:2    | Paralysed by an ogre mage for 3 turns
 31688 | Orc:2    | Gained Margrim as an ally
 31720 | Orc:2    | Gained Bogbarth as an ally
 31721 | Orc:2    | Found Imohud's Book Shop.
 31722 | Orc:2    | Found Lotaett's Distillery.
 31722 | Orc:2    | Found Siovabbaesch's Antique Armour Shop.
 31722 | Orc:2    | Found Bekurr's Food Emporium.
 32102 | Orc:2    | Bought a pair of runed gloves for 292 gold pieces
 32115 | Orc:2    | Bought a shiny helmet for 292 gold pieces
 32137 | Orc:2    | Bought a pair of runed boots for 292 gold pieces
 32147 | Orc:2    | Identified a +1 pair of boots of running (You bought it in a shop on level 2 of the Orcish Mines)
 32522 | Orc:1    | Gained Bogbrand as an ally
 32545 | Orc:1    | Gained Bogfrid as an ally
 32817 | Orc:2    | Bought a potion of curing for 42 gold pieces
 32817 | Orc:2    | Bought a potion of agility for 56 gold pieces
 32817 | Orc:2    | Bought a potion of mutation for 112 gold pieces
 32817 | Orc:2    | Bought a potion of heal wounds for 70 gold pieces
 32817 | Orc:2    | Bought a potion of degeneration for 14 gold pieces
 32817 | Orc:2    | Bought a potion of ambrosia for 112 gold pieces
 32819 | Orc:2    | Bought 2 potions of haste for 280 gold pieces
 32819 | Orc:2    | Bought a potion of might for 56 gold pieces
 32819 | Orc:2    | Bought a potion of might for 56 gold pieces
 32820 | Orc:2    | Bought a runed plate armour for 1014 gold pieces
 33242 | Snake:1  | Found a burning altar of Makhleb.
 33888 | Snake:2  | Noticed Vashnia
 33902 | Snake:2  | Your ally Bogfrid died
 34405 | Snake:2  | Noticed Frances
 34407 | Snake:2  | Your ally Bogbrand died
 35824 | Snake:2  | Killed Frances
 36206 | Snake:2  | Killed Vashnia
 36206 | Snake:2  | Reached skill level 15 in Fighting
 36729 | Snake:3  | Your ally Margrim died
 36984 | Snake:3  | Found Qotan's Weapon Shoppe.
 37005 | Snake:3  | Reached XP level 18. HP: 163/163 MP: 24/24
 37039 | Snake:3  | Gained Alork as an ally
 37971 | Snake:4  | Entered Level 4 of the Snake Pit
 38876 | Snake:4  | Your ally Bogbarth died
 38878 | Snake:4  | Your ally Alork died
 39817 | Snake:4  | Identified Biconesch's Grimoire of Boosting Transmutation
 39878 | Snake:4  | Reached skill level 15 in Armour
 40724 | Snake:4  | Noticed Asterion
 40728 | Snake:4  | Gained mutation: Your magical capacity is low. (-10% MP) [a cacodemon]
 40728 | Snake:4  | Gained mutation: You are agile. (Dex +2) [a cacodemon]
 40736 | Snake:4  | Killed Asterion
 40736 | Snake:4  | Reached skill level 10 in Dodging
 40748 | Snake:4  | Gained Orkrul as an ally
 40865 | Snake:4  | Your ally Orkrul died
 41196 | Snake:4  | Got a serpentine rune of Zot
 41653 | Depths:1 | Entered Level 1 of the Depths
 41677 | Depths:1 | Reached XP level 19. HP: 174/174 MP: 23/23
 41722 | Depths:1 | Gained Gorg as an ally
 41809 | Depths:1 | Found a corrupted altar of Lugonu.
 41842 | Depths:1 | Your ally Gorg died
 42290 | Depths:1 | Found a gateway to Hell.
 42290 | Depths:1 | Paralysed by a great orb of eyes for 3 turns
 42362 | Depths:1 | Noticed a lich
 42369 | Depths:1 | Killed a lich
 43439 | Depths:2 | Found a gateway to a ziggurat.
 43691 | Depths:2 | Found a burning altar of Makhleb.
 43972 | Depths:2 | Reached XP level 20. HP: 81/188 MP: 23/23
 44894 | Depths:2 | Found a runed door.
 44896 | Depths:2 | Noticed Mara
 44899 | Depths:2 | Noticed simples's illusion
 44985 | Depths:2 | Found a one-way gate leading to the halls of Pandemonium.
 45038 | Depths:2 | Found a deep blue altar of Sif Muna.
 45038 | Depths:2 | Found a burning altar of Makhleb.
 45040 | Depths:2 | Found a snail-covered altar of Cheibriados.
 45040 | Depths:2 | Found a sparkling altar of Nemelex Xobeh.
 45189 | Depths:2 | Noticed a juggernaut
 45201 | Depths:2 | Killed a juggernaut
 45473 | Depths:2 | Found a runed door.
 45490 | Depths:2 | Found a one-way gate to the infinite horrors of the Abyss.
 45562 | Depths:2 | Noticed simples's illusion
 45708 | Depths:2 | Noticed simples's illusion
 45864 | Depths:2 | Noticed a golden dragon
 46420 | Depths:2 | Found a runed door.
 46420 | Depths:2 | Found a runed door.
 46433 | Depths:2 | Killed a golden dragon
 46446 | Depths:2 | Noticed simples's illusion
 47359 | Depths:2 | Killed Mara
 47359 | Depths:2 | Reached XP level 21. HP: 185/199 MP: 24/24
 47449 | Depths:2 | Identified the Almanac of the Oath and Sinister Rituals
 48526 | Depths:3 | Noticed Frederick
 48533 | Depths:3 | Killed Frederick
 48567 | Depths:3 | Noticed Boris
 48585 | Depths:3 | Killed Boris
 49063 | Depths:3 | Gained Bladwarg as an ally
 49437 | Depths:3 | Gained Boruk as an ally
 50175 | Depths:3 | Got a pitted plate armour
 50186 | Depths:3 | Identified the +8 plate armour of Mezcal {*Drain Regen+ Int+5} (You found it on level 3 of the Depths)
 50296 | Depths:4 | Gained Brunolf as an ally
 50305 | Depths:4 | Your ally Brunolf died
 50637 | Depths:4 | Reached XP level 22. HP: 175/211 MP: 25/25
 51528 | Depths:5 | Entered Level 5 of the Depths
 51818 | Vaults:1 | Entered Level 1 of the Vaults
 52276 | Vaults:1 | Gained Gorm as an ally
 52293 | Vaults:1 | Your ally Gorm died
 53449 | Vaults:2 | Noticed Boris
 53464 | Vaults:2 | Killed Boris
 53985 | Vaults:2 | Gained Syrus as an ally
 53996 | Vaults:2 | Noticed Jory
 54009 | Vaults:2 | Your ally Syrus died
 54018 | Vaults:2 | Killed Jory
 54305 | Vaults:2 | Reached XP level 23. HP: 222/222 MP: 26/26
 54323 | Vaults:2 | Found a staircase to the Crypt.
 54366 | Vaults:2 | Reached skill level 15 in Dodging
 54366 | Vaults:2 | Gained Argrim as an ally
 54366 | Vaults:2 | Gained Hilgar as an ally
 54370 | Vaults:2 | Gained Learuk as an ally
 54468 | Vaults:2 | Noticed Saint Roka
 54495 | Vaults:2 | Your ally Argrim died
 54499 | Vaults:2 | Your ally Hilgar died
 54682 | Vaults:3 | Gained Brandogh as an ally
 54983 | Vaults:3 | Noticed Donald
 54992 | Vaults:3 | Killed Donald
 55142 | Vaults:3 | Found Esaschez's Armour Shoppe.
 55143 | Vaults:3 | Noticed Margery
 55148 | Vaults:3 | Gained Bogrim as an ally
 55153 | Vaults:3 | Your ally Bogrim died
 55165 | Vaults:3 | Your ally Brandogh died
 55176 | Vaults:3 | Killed Margery
 55230 | Vaults:3 | Noticed Bai Suzhen
 55250 | Vaults:3 | Killed Bai Suzhen
 55283 | Vaults:3 | Noticed Nikola
 55295 | Vaults:3 | Your ally Learuk died
 55304 | Vaults:3 | Gained Gorg as an ally
 55309 | Vaults:3 | Your ally Boruk died
 55569 | Vaults:3 | Your ally Bladwarg died
 55803 | Vaults:3 | Killed Nikola
 57017 | Vaults:4 | Reached XP level 24. HP: 216/234 MP: 26/26
 57801 | Vaults:5 | Entered Level 5 of the Vaults
 57813 | Vaults:4 | Gained Gorg as an ally
 57820 | Vaults:5 | Your ally Gorg died
 58054 | Vaults:4 | Gained Wargath as an ally
 58224 | Vaults:5 | Your ally Wargath died
 58460 | Vaults:5 | Noticed an ancient lich
 58467 | Vaults:5 | Killed an ancient lich
 58484 | Vaults:5 | Your ally Gorg died
 58518 | Vaults:5 | Killed from afar by a deep elf annihilator

Skill      XL: |  1  2  3  4  5  6  7  8  9 10 11 12 13 14 15 16 17 18 19 20 21 22 23 24 |
---------------+-------------------------------------------------------------------------+-----
Axes           | 3 4 5 7 8 9 11 12 14 17 20 23 26 | 26.1
Fighting       | 4 5 6 7 8 9 10 12 13 15 16 18 19 20 21 22 23 | 23.6
Armour         | 4 5 6 7 8 10 11 12 14 15 16 18 19 20 21 22 | 22.0
Evocations     | 3 5 6 8 |  8.8
Dodging        | 2 5 6 8 10 11 12 13 14 15 16 | 16.5
Shields        | |  3.2

Action                   |  1- 3 |  4- 6 |  7- 9 | 10-12 | 13-15 | 16-18 | 19-21 | 22-24 || total
-------------------------+-------+-------+-------+-------+-------+-------+-------+-------++-------
Melee: War axe           |   107 |   185 |   408 |   726 |    72 |       |       |       ||  1498
       Whip              |       |       |       |    34 |       |       |       |       ||    34
       Battleaxe         |       |       |       |       |   380 |       |       |       ||   380
       Executioner's axe |       |       |       |       |   551 |   988 |  1024 |  1035 ||  3598
Invok: Convert to Beogh  |       |     1 |       |       |       |       |       |       ||     1
       Recall Orcish Fol |       |       |       |       |     2 |     7 |       |     2 ||    11
       Give Item to Name |       |       |       |       |       |     1 |       |     1 ||     2
Evoke: Wand              |       |       |       |    19 |     6 |     1 |     2 |     1 ||    29
       Phial of floods   |       |       |       |       |       |     1 |       |       ||     1
       Box of beasts     |       |       |       |       |       |     1 |    10 |     1 ||    12
       Lamp of fire      |       |       |       |       |       |       |     1 |       ||     1
       Lightning rod     |       |       |       |       |       |       |     1 |       ||     1
       Sack of spiders   |       |       |       |       |       |       |       |     1 ||     1
       Fan of gales      |       |       |       |       |       |       |       |     1 ||     1
  Use: Scroll            |     1 |       |       |     8 |     7 |    21 |     8 |     7 ||    52
       Potion            |       |     1 |     2 |     3 |    10 |    16 |    18 |    12 ||    62
 Stab: Invisible         |       |       |     2 |       |       |       |       |       ||     2
       Distracted        |       |       |       |     3 |     3 |     5 |     6 |     4 ||    21
       Confused          |       |       |       |     1 |       |       |       |       ||     1
  Eat: Chunk             |     1 |     7 |    13 |    17 |    25 |    10 |    16 |    13 ||   102
       Ration            |       |       |       |     4 |     4 |    11 |     3 |     4 ||    26
Armor: Scale mail        |    64 |   147 |   130 |       |       |       |       |       ||   341
       Skin              |       |     5 |       |    21 |       |       |       |       ||    26
       Plate armour      |       |       |    86 |   323 |   563 |   528 |   454 |   431 ||  2385
Dodge: Dodged            |    55 |    97 |   103 |   233 |   696 |   694 |   733 |   858 ||  3469
Block: Shield            |    84 |   158 |   168 |   337 |    33 |       |       |       ||   780
       Other             |       |       |       |       |       |       |       |    97 ||    97
       Reflection        |       |       |       |       |       |       |       |    24 ||    24
